 Dungeon Crawl Stone Soup version 0.31.0-12-g77e489cdc1 (webtiles) character file.

Game seed: 2689262214634619807

20636 sking99 the Grappler (level 12, -4/118 HPs)
             Began as a Troll Fighter on Feb 22, 2024.
             Was a Believer of Qazlal.
             Slain by a ten-headed hydra (7 damage)
             ... on level 4 of the Lair of Beasts.
             The game lasted 00:21:10 (11252 turns).

sking99 the Grappler (Troll Fighter)               Turns: 11252, Time: 00:21:10

Health: -4/118     AC:  8    Str: 29    XL:     12   Next: 47%
Magic:  11/16      EV: 10    Int:  4    God:    Qazlal [**....]
Gold:   774        SH: 12    Dex: 11    Spells: 11/11 levels left

rFire   . .          .
                       - Unarmed
rCold   + . .        b - +0 kite shield
rNeg    . . .        v - +0 steam dragon scales
rPois   .            (helmet restricted)
rElec   .            x - +0 cloak
rCorr   +            (gloves unavailable)
SInv    .            (boots unavailable)
Will    .....        e - amulet of the acrobat
Stlth   +            n - ring of protection from cold
HPRegen 1.19/turn    B - ring of resist corrosion
MPRegen 0.15/turn

%: acrobat
@: mighty
A: large, unfitting armour, claws 3, regeneration 1, shaggy fur 1, tough skin 1
a: Renounce Religion, Upheaval


You were on level 4 of the Lair of Beasts.
You worshipped Qazlal.
Qazlal was pleased with you.
You visited 2 branches of the dungeon, and saw 14 of its levels.

You collected 774 gold pieces.

Inventory:

Missiles
 G - a throwing net (quivered)
Armour
 b - a +0 kite shield (worn)
 v - +0 steam dragon scales (worn)
 x - a +0 cloak (worn)
Jewellery
 e - an amulet of the acrobat (around neck)
 n - a ring of protection from cold (left claw)
 o - a ring of ice
 B - a ring of resist corrosion (right claw)
Talismans
 s - a maw talisman
Wands
 k - a wand of polymorph (3)
 u - a wand of charming (11)
 E - a wand of flame (7)
 F - a wand of iceblast (5)
 I - a wand of mindburst (4)
Scrolls
 a - 2 scrolls of fog
 f - a scroll of noise {unknown}
 h - 3 scrolls of blinking {unknown}
 i - 2 scrolls of immolation
 j - 2 scrolls of poison {unknown}
 p - 2 scrolls of vulnerability {unknown}
 q - a scroll of torment
 r - 2 scrolls of teleportation
 t - 2 scrolls of enchant armour {unknown}
 y - 2 scrolls of silence {unknown}
 z - a scroll of enchant weapon {unknown}
 A - a scroll of amnesia
 D - a scroll of fear
 H - a scroll of identify
Potions
 c - a potion of ambrosia
 d - 3 potions of enlightenment
 g - 3 potions of curing
 l - 4 potions of heal wounds
 m - a potion of attraction
 w - a potion of invisibility {unknown}


   Skills:
 + Level 7.5 Fighting
 - Level 4.3 Dodging
 - Level 5.3 Shields
 * Level 12.3 Unarmed Combat
 + Level 7.7 Invocations
 * Level 9.6 Shapeshifting


You had 11 spell levels left.
You didn't know any spells.
Your spell library contained the following spells:

 Spells                   Type           Power      Damage    Failure   Level
 Dazzling Flash           Conj/Hex       0%         N/A       97%         3
 Volatile Blastmotes      Fire/Tloc      0%         2d10      97%         3
 Starburst                Conj/Fire      0%         6d3       100%        6
 Maxwell's Capacitive Co  Air            0%         ∞         100%        8
 Chain Lightning          Conj/Air       0%         N/A       100%        9
 Fire Storm               Conj/Fire      0%         5d1       100%        9
 Shatter                  Erth           0%         3d5*      100%        9


Dungeon Overview and Level Annotations

Branches:
Dungeon (10/15)            Temple (0/1) D:6            Lair (4/5) D:8
  Swamp (0/4) Lair:3       Spider (0/4) Lair:3
  Slime: Lair:4-5       Orc: D:9-12

Altars:
Ashenzari
Dithmenos
Elyvilon
Gozag
Hepliaklqana
Kikubaaqudgha
Makhleb
Nemelex Xobeh
Qazlal
Ru
Sif Muna
Trog
Uskayaw
The Shining One

Shops:
D:6 *   D:8 !

Annotations:
D:3 3 runed translucent doors, Longtemps's ghost, amateur DsCK
D:9 2 transporters, 7tar4e's ghost, novice FeBe


Innate Abilities, Weirdness & Mutations

You are too large for most types of armour.
You have claws for hands.
Your natural rate of healing is unusually fast.
You are covered in fur. (AC +1)
You have tough skin. (AC +1)


Message History

The eight-headed hydra bites you!
You block the eight-headed hydra's attack. x2
The eight-headed hydra barely misses you.
The eight-headed hydra misses you.
You tear one of the eight-headed hydra's heads off!
The seven-headed hydra grows two more!
You mangle the nine-headed hydra!!
The nine-headed hydra is severely wounded.
The nine-headed hydra bites you.
The nine-headed hydra bites you but does no damage.
The nine-headed hydra bites you! x2; The nine-headed hydra bites you.
You block the nine-headed hydra's attack.
The nine-headed hydra bites you!
You block the nine-headed hydra's attack. x2
You scratch the nine-headed hydra.
The nine-headed hydra is severely wounded.
You block the nine-headed hydra's attack. x3
The nine-headed hydra misses you. The nine-headed hydra bites you.
The nine-headed hydra closely misses you.
The nine-headed hydra completely misses you.
The nine-headed hydra bites you.
* * * LOW HITPOINT WARNING * * *
The nine-headed hydra bites you!
* * * LOW HITPOINT WARNING * * *
You tear one of the nine-headed hydra's heads off!
The eight-headed hydra grows two more!
You claw the ten-headed hydra!
The ten-headed hydra is severely wounded.
The ten-headed hydra bites you.
* * * LOW HITPOINT WARNING * * *
You block the ten-headed hydra's attack. x2
The ten-headed hydra bites you.
* * * LOW HITPOINT WARNING * * *
The ten-headed hydra bites you.
* * * LOW HITPOINT WARNING * * *
The ten-headed hydra bites you.
* * * LOW HITPOINT WARNING * * *
The ten-headed hydra barely misses you. The ten-headed hydra bites you.
* * * LOW HITPOINT WARNING * * *
The ten-headed hydra bites you but does no damage.
The ten-headed hydra bites you!
You die...

#.........##
#..........#
#..........#
#...........
##.......#.<. .
#.......###.. ...
####.....####..
.....#####.##.....P.##..
......D@............####
.....<...............#
.....................#
............[.......##
....................#
.....................#
........^.............#
....##P....##..#.....P#


You could see a ten-headed hydra.

Vanquished Creatures
  2 hydras (Lair:2)
  2 two-headed ogres (D:9)
  A cyclops (D:8)
  A meliai (Lair:3)
  6 elephants (Lair:2)
  A black mamba (Lair:3)
  9 cane toads
  Jeremiah (D:6)
  A rime drake (Lair:2)
  Psyche (D:9)
  7 komodo dragons
  A troll (D:8)
  A polar bear (Lair:1)
  Sigmund (D:3)
  6 yaks
  3 wyverns
  5 steam dragons
  2 basilisks
  5 vampire mosquitoes (Lair:3)
  Edmund (D:4)
  11 water moccasins
  An orc warrior (D:7)
  2 ogres
  3 centaurs
  26 wolves
  A kobold brigand (D:7)
  A phantom (D:4)
  12 bullfrogs
  A scorpion (D:5)
  17 killer bees
  A howler monkey (D:8)
  5 electric eels
  2 bombardier beetles (D:3)
  4 lava snakes (Lair:3)
  2 quasits (D:5)
  7 hounds
  A jelly (D:5)
  Crazy Yiuf (D:7)
  An orc priest (D:6)
  2 sleepcaps (D:5)
  3 orc wizards
  2 iguanas
  2 gnolls (D:4)
  6 adders
  7 shadow imps
  A white imp (D:5)
  3 ufetubi (D:5)
  5 dart slugs
  A ribbon worm (D:3)
  15 orcs
  5 ball pythons
  9 endoplasms
  3 giant cockroaches (D:1)
  7 goblins
  4 hobgoblins
  A quokka (D:2)
  6 bats
  6 frilled lizards
  11 kobolds
  7 rats
262 creatures vanquished.

Vanquished Creatures (others)
  A sky beast (D:6)
  A centaur (D:7)
  An orc wizard (D:6)
  A kobold (D:7)
4 creatures vanquished.

Grand Total: 266 creatures vanquished

Notes
Turn   | Place    | Note
-------+----------+-------------------------------------------
     0 | D:1      | sking99 the Troll Fighter began the quest for the Orb.
     0 | D:1      | Reached XP level 1. HP: 22/22 MP: 0/0
    59 | D:1      | Reached XP level 2. HP: 25/29 MP: 1/1
   497 | D:1      | Reached XP level 3. HP: 36/36 MP: 2/2
  1130 | D:2      | Reached skill level 3 in Unarmed Combat
  1305 | D:3      | Found a runed translucent gate.
  1305 | D:3      | Found a runed translucent gate.
  1305 | D:3      | Found a runed translucent gate.
  1308 | D:3      | Noticed Longtemps's ghost (amateur DsCK)
  1339 | D:3      | Reached XP level 4. HP: 44/44 MP: 3/3
  1437 | D:3      | Reached XP level 5. HP: 53/53 MP: 4/4
  1439 | D:3      | Found a faded altar of an unknown god.
  1655 | D:3      | Noticed Sigmund
  1674 | D:3      | HP: 2/53 [something (5)]
  1677 | D:3      | Killed Sigmund
  1678 | D:3      | Reached skill level 4 in Unarmed Combat
  1678 | D:3      | Reached XP level 6. HP: 6/61 MP: 5/5
  1973 | D:3      | Prayed at the altar of an unknown god.
  1973 | D:3      | Became a worshipper of Qazlal Stormbringer
  1973 | D:3      | Reached * piety under Qazlal
  2270 | D:4      | Noticed Edmund
  2278 | D:4      | Killed Edmund
  2279 | D:4      | Reached skill level 5 in Unarmed Combat
  2279 | D:4      | Reached skill level 1 in Invocations
  2279 | D:4      | Reached XP level 7. HP: 43/67 MP: 5/7
  2610 | D:5      | Entered Level 5 of the Dungeon
  2975 | D:5      | Reached ** piety under Qazlal
  3328 | D:5      | Found a burning altar of Makhleb.
  3719 | D:6      | Reached XP level 8. HP: 77/78 MP: 9/9
  3729 | D:6      | Identified the +4 trident "Fyqumosa" {flame, rF+ Dex+4
                  | SInv}
  3832 | D:6      | Reached skill level 6 in Unarmed Combat
  3918 | D:6      | Found a staircase to the Ecumenical Temple.
  4007 | D:6      | Found Qaruc's Fire Supplies.
  4358 | D:6      | Noticed Jeremiah
  4371 | D:6      | Killed Jeremiah
  4372 | D:6      | Reached skill level 1 in Shapeshifting
  4654 | D:7      | Reached skill level 5 in Shields
  4685 | D:7      | Reached XP level 9. HP: 74/85 MP: 11/11
  4862 | D:7      | Reached skill level 7 in Unarmed Combat
  5222 | D:7      | Found a runed translucent door.
  5223 | D:7      | Noticed Crazy Yiuf
  5691 | D:7      | Killed Crazy Yiuf
  5772 | D:8      | Reached skill level 5 in Fighting
  5806 | D:8      | Reached *** piety under Qazlal
  5807 | D:8      | Reached skill level 8 in Unarmed Combat
  5964 | D:8      | Reached skill level 5 in Invocations
  6199 | D:8      | Found a staircase to the Lair.
  6218 | D:8      | Noticed a troll
  6223 | D:8      | Killed a troll
  6224 | D:8      | Reached XP level 10. HP: 96/96 MP: 12/12
  6235 | D:8      | Noticed a cyclops
  6241 | D:8      | Killed a cyclops
  6242 | D:8      | Reached skill level 5 in Shapeshifting
  6314 | D:8      | Found Iheupsoll's Distillery.
  6439 | D:8      | Found a shimmering blue altar of Sif Muna.
  6485 | D:9      | Noticed a two-headed ogre
  6491 | D:9      | Killed a two-headed ogre
  6541 | D:9      | Found an opulent altar of Gozag.
  6542 | D:9      | Found an ancient bone altar of Kikubaaqudgha.
  6546 | D:9      | Found a broken altar of Ashenzari.
  6550 | D:9      | Found a white marble altar of Elyvilon.
  6550 | D:9      | Found a hide-covered altar of Uskayaw.
  6550 | D:9      | Found a sparkling altar of Nemelex Xobeh.
  6551 | D:9      | Found a shadowy altar of Dithmenos.
  6551 | D:9      | Found a hazy altar of Hepliaklqana.
  6552 | D:9      | Found a sacrificial altar of Ru.
  6554 | D:9      | Found a bloodstained altar of Trog.
  6616 | D:9      | Reached skill level 9 in Unarmed Combat
  6644 | D:9      | Found a glowing golden altar of the Shining One.
  6667 | D:9      | Noticed a brown ugly thing
  6668 | D:9      | Noticed a deep elf pyromancer
  6675 | D:9      | Found a transporter.
  6678 | D:9      | Found a transporter.
  6733 | D:9      | Noticed 7tar4e's ghost (novice FeBe)
  6795 | D:9      | Noticed a two-headed ogre
  6804 | D:9      | Killed a two-headed ogre
  6835 | D:9      | Noticed Psyche
  6863 | D:9      | Killed Psyche
  7036 | D:10     | Entered Level 10 of the Dungeon
  7036 | D:10     | Noticed a meliai
  7104 | Lair:1   | Entered Level 1 of the Lair of Beasts
  7318 | Lair:1   | Noticed a cane toad
  7329 | Lair:1   | Killed a cane toad
  7341 | Lair:1   | Identified the +3 scimitar of Mayhem {venom, ^Contam rPois
                  | rF+ Dex+3}
  7611 | Lair:1   | Noticed a cane toad
  7615 | Lair:1   | Killed a cane toad
  7671 | Lair:1   | Reached skill level 10 in Unarmed Combat
  7688 | Lair:1   | Noticed a cane toad
  7695 | Lair:1   | Killed a cane toad
  7696 | Lair:1   | Reached XP level 11. HP: 89/105 MP: 14/14
  8219 | Lair:2   | Noticed a six-headed hydra
  8223 | Lair:2   | Killed a six-headed hydra
  8476 | Lair:2   | Noticed a seven-headed hydra
  8759 | Lair:2   | Reached skill level 11 in Unarmed Combat
  8945 | Lair:2   | Noticed Sonja
  8946 | Lair:2   | Sonja changed into Sonja the ogre
  8946 | Lair:2   | Noticed Sonja
  8952 | Lair:2   | Killed Sonja the ogre
  9402 | Lair:2   | Killed a seven-headed hydra
  9564 | Lair:2   | Reached XP level 12. HP: 97/118 MP: 16/16
  9894 | Lair:3   | Found a staircase to the Swamp.
  9924 | Lair:3   | Found a hole to the Spider Nest.
  9947 | Lair:3   | Reached skill level 12 in Unarmed Combat
 10656 | Lair:3   | HP: 4/118 [electric eel/bolt of electricity (7)]
 11241 | Lair:4   | Noticed a six-headed hydra
 11252 | Lair:4   | HP: 3/118 [ten-headed hydra (5)]
 11252 | Lair:4   | Slain by a ten-headed hydra

Illustrated notes

Levels and vault maps discovered:
D:1:      dpeg_arrival_subterranean_lakeside_camping, layout_basic,
          solitary_fountain
D:2:      layout_basic
D:3:      layout_loops_cross, nicolae_ecumenical_snake_handling,
          gammafunk_ghost_split, uniq_sigmund
D:4:      layout_loops_ring, dreamdust_gnoll_farm, uniq_edmund
D:5:      layout_layer_cave, mainiacjoe_overflow_surrounded_room,
          serial_demonic, serial_demonic_f, serial_demonic_d, serial_demonic_c,
          serial_demonic_c, serial_demonic_b, serial_demonic_g,
          roderic_serpentine_path
D:6:      layout_loops_ring, minmay_temple_entry_statues, nicolae_shop_fire_sale
          [nicolae_sub_dead_trees], chequers_serial_rivers_small_3,
          uniq_jeremiah
D:7:      layout_basic, uniq_crazy_yiuf_cottage
D:8:      layout_loops_ring, nicolae_sif_muna_little_library, erik_lair_island,
          serial_shops, nicolae_shop_pleasant_corner_grove,
          hangedman_abyss_or_decor_stagger, nicolae_fountain_basement
D:9:      layout_roguey, tso_altar, minitemple, nzn_ghost_randoct, uniq_psyche
D:10:     layout_stronghold, minmay_misc_feat_five
Lair:1:   layout_concentric_octagons, lemuel_fruit_fields
Lair:2:   layout_cave_pods, beast_lair_carwin_7, grunt_megastairs_4, uniq_sonja
Lair:3:   layout_chaotic_city, minmay_swamp_entry_swarm,
          hellmonk_spider_entry_not_the_bees, nicolae_lair_liquid_snakes,
          grunt_megastairs_2
Lair:4:   layout_cellular_growth, slime_entry_2, chequers_serial_rivers_micro_b,
          nicolae_quartered_pool_little

Skill      XL: |  1  2  3  4  5  6  7  8  9 10 11 12 |
---------------+-------------------------------------+-----
Shields        | 3 4 5 |  5.3
Unarmed Combat | 3 4 5 6 8 10 11 12 | 12.3
Dodging        | 3 4 |  4.3
Fighting       | 3 4 5 6 7 |  7.5
Invocations    | 1 2 4 5 6 7 |  7.7
Shapeshifting  | 2 4 6 8 9 |  9.6

Action                     |  1- 3 |  4- 6 |  7- 9 | 10-12 || total
---------------------------+-------+-------+-------+-------++-------
  Melee: Unarmed           |   107 |    76 |   287 |   390 ||   860
 Invoke: Upheaval          |       |       |     1 |    19 ||    20
Ability: Begin Untransform |       |       |     1 |       ||     1
  Evoke: Wand              |       |       |       |     6 ||     6
    Use: Potion            |       |     1 |       |     3 ||     4
         Scroll            |       |     7 |     2 |     4 ||    13
   Stab: Sleeping          |     1 |       |       |       ||     1
 Armour: Robe              |    63 |    37 |   133 |       ||   233
         Steam dragon scal |       |       |    40 |   313 ||   353
  Dodge: Dodged            |    44 |    21 |   119 |   197 ||   381
  Block: Kite shield       |    47 |    14 |   187 |   308 ||   556
   Form: Maw               |       |       |     1 |       ||     1
